 Dungeon Crawl Stone Soup version 0.29.1-12-g30fa7ad0bf (webtiles) character file.

Game seed: 14932186091880248425

5 hawla the Chiller (level 2, -4/20 HPs)
             Began as a Meteoran Ice Elementalist on Dec 26, 2022.
             Slain by Terence
             ... wielding a +0 trident
              (7 damage)
             ... on level 2 of the Dungeon.
             The game lasted 00:01:07 (123 turns).

hawla the Chiller (Meteoran Ice Elementalist)        Turns: 123, Time: 00:01:07

Health: -4/20      AC:  2    Str:  9    XL:     2   Next: 5%
Magic:  3/6        EV:  9    Int: 16    God:
Gold:   26         SH:  0    Dex: 14    Spells: 5/6 levels left

rFire   . . .      SeeInvis .   (no weapon)
rCold   . . .      Faith    .   (no shield)
rNeg    . . .      Spirit   .   a - +0 robe
rPois   .          Reflect  .   (no helmet)
rElec   .          Harm     .   (no cloak)
rCorr   .          Rampage  .   (no gloves)
Will    .....                   (no boots)
Stlth   +.........              (no amulet)
HPRegen 0.06/turn               (no ring)
MPRegen 0.10/turn               (no ring)

@: glowing, constricted
A: sense surroundings 1, otherworldly, glowing, explore regen
a: no special abilities


You were on level 2 of the Dungeon.
You visited 1 branch of the dungeon, and saw 2 of its levels.

You collected 26 gold pieces.

Inventory:

Armour
 a - a +0 robe (worn)
Potions
 b - a potion of magic
 c - a potion of brilliance {unknown}
 d - a potion of haste {unknown}
 e - a potion of berserk rage {unknown}


   Skills:
 + Level 2.5 Dodging
 - Level 1.4 Stealth
 + Level 2.7 Spellcasting
 + Level 4.6 Ice Magic


You had 5 spell levels left.
You knew the following spells:

 Your Spells              Type           Power      Damage    Failure   Level
a - Freeze                Ice            68%        1d8       2%          1

Your spell library contained the following spells:

 Spells                   Type           Power      Damage    Failure   Level
 Frozen Ramparts          Ice            34%        1d6       9%          3
 Ozocubu's Armour         Ice            17%        N/A       9%          3
 Shock                    Conj/Air       8%         1d3       19%         1
 Swiftness                Air            2%         N/A       50%         3
 Hailstorm                Conj/Ice       9%         3d4       58%         4
 Summon Lightning Spire   Summ/Air       2%         N/A       88%         4
 Chain Lightning          Conj/Air       1%         3d1       100%        9


Dungeon Overview and Level Annotations

Branches:
Dungeon (2/15) Zot: 1076

Altars:

Shops:
D:1 (

Annotations:
D:2 Terence


Innate Abilities, Weirdness & Mutations

You passively map a small area around you.
You are easily found by Zot.
You glow in the dark.
You regain HP and MP as you explore.


Message History

You now have 26 gold pieces (gained 11).
You pick up the Almanac of the Brume and begin reading...
You add the spells Shock, Swiftness, Summon Lightning Spire and Chain Lightning to your library.
Okay, then.
Found a robe.
Terence the Incautious comes into view.
He is wielding a +0 trident.
Terence shouts!
A ball python comes into view.
Terence hits you with a +0 trident.
Casting: Freeze (safe; 2% risk of failure)
Confirm with . or Enter, or press ? or * to list all spells.
Aiming: Freeze (safe; 2% risk of failure)
Press: ? - help, Shift-Dir - straight line, f - Terence
Aim: Terence, wielding a +0 trident and wearing a +0 chain mail You freeze Terence.
Terence is moderately wounded.
The ball python hisses angrily.
Terence hits you with a +0 trident!
Ouch! That really hurt!
* * * LOW HITPOINT WARNING * * *
Casting: Freeze (safe; 2% risk of failure)
Confirm with . or Enter, or press ? or * to list all spells.
Aiming: Freeze (safe; 2% risk of failure)
Press: ? - help, Shift-Dir - straight line, f/p - Terence
Aim: Terence, wielding a +0 trident and wearing a +0 chain mail (moderately wounded)
You freeze Terence.
Terence is moderately wounded.
Terence barely misses you.
Casting: Freeze (safe; 2% risk of failure)
Confirm with . or Enter, or press ? or * to list all spells.
Aiming: Freeze (safe; 2% risk of failure)
Press: ? - help, Shift-Dir - straight line, f/p - Terence
Aim: Terence, wielding a +0 trident and wearing a +0 chain mail (moderately wounded)
You freeze Terence.
Terence is heavily wounded.
The ball python completely misses you. The ball python grabs you.
The ball python constricts you. The ball python bites you.
* * * LOW HITPOINT WARNING * * *
The ball python constricts you. Terence hits you with a +0 trident!
You die...

...........##.#.#
...........#..#.### * *
...(..........#...#
..<....)...##...#.##
.........####......#####
*, #...#...##
#..###......#. #.#######
#.###.........# #.# #.
#..........# #.# #.
#.@S......[# ** #.
*..*#.@........#
..............# , *
#............. *
...##..........
,...#*.......... *, ,
...# ......... , * ,..#
.........,* ,


You could see Terence and a ball python.

Vanquished Creatures
  An orc (D:2)
  An endoplasm (D:1)
  A bat (D:1)
  A kobold (D:1)
  A rat (D:2)
5 creatures vanquished.

Notes
Turn   | Place    | Note
-------+----------+-------------------------------------------
     0 | D:1      | hawla the Meteoran Ice Elementalist began the quest for the
                  | Orb.
     0 | D:1      | Reached XP level 1. HP: 14/14 MP: 5/5
    20 | D:1      | Found Qavor's Weapon Boutique.
    87 | D:2      | Reached XP level 2. HP: 17/20 MP: 4/6
   111 | D:2      | Got the Almanac of the Brume
   117 | D:2      | Noticed Terence
   123 | D:2      | Slain by Terence

Illustrated notes

Levels and vault maps discovered:
D:1:      ebering_trefoil_twist, layout_basic, serial_shops, shop,
          minmay_misc_feat_doors
D:2:      layout_rooms, uniq_terence, uniq_sigmund

Action                   || total
-------------------------++-------
Melee: Unarmed           ||     1
 Cast: Freeze            ||    10
Dodge: Dodged            ||     4
